 Dungeon Sprint DCSS version 0.18-a0-1677-g2bdad6c (console) character file.

165 sorlin the Covert (level 5, 0/25 HPs)
             Began as a Spriggan Artificer on Apr 2, 2016.
             Was an Initiate of Pakellas.
             Slain by a spriggan
             ... wielding a +0 short sword
              (5 damage)
             ... in the Dungeon (Sprint IV: "Fedhas' Mad Dash").
             The game lasted 00:02:19 (463 turns).

sorlin the Covert (Spriggan Artificer)               Turns: 463, Time: 00:02:19

Health: 0/25       AC:  3    Str:  7    XL:     5   Next: 22%
Magic:  8/11       EV: 18    Int: 14    God:    Pakellas [......]
Gold:   42         SH:  0    Dex: 17    Spells: 0 memorised, 4 levels left

rFire  . . .     SeeInvis +     a - +0 short sword
rCold  . . .     Gourm    .     b - +0 robe
rNeg   . . .     Faith    .     (shield restricted)
rPois  .         Spirit   .     (helmet restricted)
rElec  .         Dismiss  .     k - +0 cloak {+Inv}
rCorr  .         Reflect  .     (gloves unavailable)
SustAt .         Harm     .     (boots unavailable)
MR     .....     NoTele   +     (no amulet)
Stlth  +++++++...               (no ring)
                                (no ring)

@: very slightly contaminated, very quick, not resistant to hostile
enchantments, extremely stealthy
A: unfitting armour, see invisible, herbivore 3, speed 3, slow metabolism 2
a: Renounce Religion, Evoke Invisibility


You were in the Dungeon.
You worshipped Pakellas.
Pakellas was noncommittal.
You were not hungry.

You visited 1 branch You collected 42 gold pieces.


Innate Abilities, Weirdness & Mutations

You are tiny and cannot use many weapons and most armour.
You have supernaturally acute eyesight.
You are a herbivore.
You cover ground extremely quickly.
You need consume almost no food.


   Skills:
 - Level 0.7 Fighting
 - Level 1.1 Short Blades
 - Level 3.0 Dodging
 * Level 14.3 Stealth
 + Level 6.9 Evocations


You had 4 spell levels left.
You didn't know any spells.

Inventory:

Hand Weapons
 a - a +0 short sword (weapon)
Armour
 b - a +0 robe (worn)
 k - a +0 cloak of invisibility (worn)
   (You found it in the Dungeon)
Wands
 c - a wand of flame (15/48)
 d - a wand of enslavement (12/24)
 e - a wand of random effects (14/48)
Scrolls
 l - a scroll of blinking
 m - a scroll of random uselessness {unknown}
 n - a scroll of recharging {unknown}
Potions
 g - a potion of curing
 h - a potion of heal wounds {!q}
 i - a potion of haste {!q}
 j - 2 potions of magic {!q}
Comestibles
 f - a bread ration {!e}


Message History

Found 19 gold pieces.
There is an open door here.
You flicker for a moment.
You see here 7 gold pieces.
The helpless spriggan fails to defend itself.
You stick the spriggan like a pincushion!!!
You kill the spriggan!
Pakellas accepts your kill.
Your Stealth skill increases to level 14!
The spriggan barely misses you.
You hit the spriggan but do no damage. The scorpion barely misses you.
The spriggan hits you with a short sword.
You take 1 damage.
You barely miss the spriggan.
The spriggan hits you with a short sword!
* * * LOW HITPOINT WARNING * * *
You take 12 damage.
You are too injured to fight recklessly!
Unknown command.
There is an open door here.
Evoke which item? (* to show all) (? for menu, Esc to quit)
Zapping:
d - a wand of enslavement (15/24)
Aim: a scorpion (chance to defeat MR: 61%)
The scorpion resists with significant effort.
This wand has 14 charges left.
The spriggan hits you with a short sword!
* * * LOW HITPOINT WARNING * * *
The scorpion closely misses you.
You take 8 damage.
Evoke which item? (* to show all) (? for menu, Esc to quit)
Zapping:
d - a wand of enslavement (14/24)
Aim: a scorpion (chance to defeat MR: 61%)
The scorpion resists with significant effort.
This wand has 13 charges left.
You flicker back into view.
The spriggan closely misses you. The scorpion barely misses you.
Evoke which item? (* to show all) (? for menu, Esc to quit)
Zapping:
d - a wand of enslavement (13/24)
Aim: a scorpion (chance to defeat MR: 61%)
The scorpion is charmed.
This wand has 12 charges left.
The spriggan completely misses you.
There is an open door here.
You close the door.
A spriggan opens the door.
Evoke which item? (* to show all) (? for menu, Esc to quit)
Zapping:
e - a wand of random effects (15/48)
Aim: a spriggan, wielding a short sword and wearing a runed robe The spriggan resists with almost no effort.
This wand has 14 charges left.
The spriggan hits you with a short sword.
You die...
Pakellas says: Back to the drawing board!

▒▒▒▒▒▒▒▒▒▒▒▒▒▒▒▒▒▒▒▒▒▒▒▒▒
...▒.⌠...._....⌠.▒..'$).▒
(..'._._._._._._@i.s▒$.$▒
...▒_._._._._._._▒..▒▒▒+▒
▒+▒▒._._._._._._.▒.[▒
▒.⌠...._....⌠.▒▒▒▒
▒▒▒▒▒▒▒▒▒▒▒▒▒▒▒


You could see a spriggan and a friendly scorpion.

Vanquished Creatures
  3 oklob saplings (D)
  A worker ant (D)
  A spriggan (D)
  A river rat (D)
  A rat (D)
7 creatures vanquished.

Notes
Turn   | Place    | Note
--------------------------------------------------------------
     0 | D        | sorlin the Spriggan Artificer began the quest for the Orb.
     0 | D        | Reached XP level 1. HP: 9/9 MP: 4/4
    12 | D        | Reached skill level 6 in Stealth
    12 | D        | Reached XP level 2. HP: 11/14 MP: 6/6
   260 | D        | Noticed an oklob sapling
   261 | D        | Killed an oklob sapling
   261 | D        | Reached skill level 10 in Stealth
   261 | D        | Reached XP level 3. HP: 17/17 MP: 7/7
   266 | D        | Reached skill level 11 in Stealth
   288 | D        | Found a snail-covered altar of Cheibriados.
   288 | D        | Found a glowing silver altar of Zin.
   288 | D        | Found a white marble altar of Elyvilon.
   288 | D        | Found a viscous altar of Jiyva.
   288 | D        | Found a radiant altar of Vehumet.
   288 | D        | Found a deep blue altar of Sif Muna.
   288 | D        | Found an ancient bone altar of Kikubaaqudgha.
   288 | D        | Found a bloodstained altar of Trog.
   288 | D        | Found a corrupted altar of Lugonu.
   288 | D        | Noticed an oklob sapling priest
   289 | D        | Found a burning altar of Makhleb.
   289 | D        | Found an oddly glowing altar of Pakellas.
   289 | D        | Found a sacrificial altar of Ru.
   290 | D        | Found a sparkling altar of Nemelex Xobeh.
   290 | D        | Found a glowing golden altar of the Shining One.
   291 | D        | Found a shadowy altar of Dithmenos.
   292 | D        | Found a shimmering altar of Xom.
   292 | D        | Found an iron altar of Okawaru.
   293 | D        | Found an opulent altar of Gozag.
   294 | D        | Found a roughly hewn altar of Beogh.
   294 | D        | Found a basalt altar of Yredelemnul.
   295 | D        | Killed an oklob sapling priest
   295 | D        | Reached skill level 13 in Stealth
   295 | D        | Reached skill level 5 in Evocations
   295 | D        | Reached XP level 4. HP: 21/21 MP: 5/9
   296 | D        | Found a stormy altar of Qazlal.
   427 | D        | Became a worshipper of Pakellas the Inventive
   440 | D        | Reached skill level 6 in Evocations
   440 | D        | Reached XP level 5. HP: 25/25 MP: 8/10
   451 | D        | Reached skill level 14 in Stealth
   455 | D        | HP: 4/25 [spriggan/short sword (8)]
   463 | D        | Slain by a spriggan

Vault maps used:
D:        dungeon_sprint_fedhas

Action                   |  1- 3 |  4- 6 || total
-------------------------+-------+-------++-------
Melee: Short sword       |     9 |     6 ||    15
 Abil: Evoke Invisibilit |     1 |     1 ||     2
Evoke: Wand              |       |     4 ||     4
  Use: Potion            |     1 |       ||     1
       Scroll            |     1 |       ||     1
 Stab: Sleeping          |     3 |     1 ||     4
       Invisible         |       |     1 ||     1
